 Dungeon Crawl Stone Soup version 0.31-a0-187-gba352fbbf7 (webtiles) character file.

Game seed: 3009794879106255924

201 rocky1 the Cudgeller (level 5, -18/47 HPs)
             Began as a Minotaur Monk on June 23, 2023.
             Demolished by an ogre
             ... wielding a +0 giant club
              (26 damage)
             ... on level 4 of the Dungeon.
             The game lasted 00:05:23 (2625 turns).

rocky1 the Cudgeller (Minotaur Monk)                Turns: 2625, Time: 00:05:24

Health: -18/47     AC:  5    Str: 16    XL:     5   Next: 50%
Magic:  4/4        EV: 12    Int:  7    God:
Gold:   148        SH:  0    Dex: 14    Spells: 4/4 levels left

rFire   . . .        a - +0 mace
rCold   . . .        d - orb {light}
rNeg    . . .        n - +0 ring mail
rPois   .            (helmet restricted)
rElec   .            (no cloak)
rCorr   .            (no gloves)
SInv    .            (no boots)
Will    .....        (no amulet)
Stlth   +            i - +4 ring of slaying
HPRegen 0.27/turn    (no ring)
MPRegen 0.09/turn

%: no passive effects
@: lethally poisoned (-18 -> -21), glowing
A: horns 2, retaliatory headbutt
a: no special abilities


You were on level 4 of the Dungeon.
You visited 1 branch of the dungeon, and saw 4 of its levels.

You collected 148 gold pieces.

Inventory:

Hand Weapons
 a - a +0 mace (weapon)
Missiles
 s - a poisoned dart (quivered)
Armour
 b - a +0 robe
 d - an orb of light (worn)
 n - a +0 ring mail (worn)
Jewellery
 i - a +4 ring of slaying (left hand)
 j - a ring of wizardry
Scrolls
 e - 2 scrolls of identify {unknown}
 k - a scroll of enchant weapon {unknown}
 m - a scroll of noise {unknown}
 o - a scroll of teleportation {unknown}
 q - a scroll of vulnerability {unknown}
 r - a scroll of fear {unknown}
Potions
 c - a potion of ambrosia
 f - a potion of attraction {unknown}
 g - a potion of lignification {unknown}
 h - 2 potions of heal wounds {unknown}
 l - 2 potions of curing {unknown}
 p - a potion of degeneration {unknown}


   Skills:
 + Level 4.6 Fighting
 * Level 6.3 Maces & Flails
 + Level 0.8 Armour
 + Level 4.0 Dodging


You had 4 spell levels left.
You didn't know any spells.
Your spell library contained the following spells:

 Spells                   Type           Power      Damage    Failure   Level
 Summon Forest            Summ/Tloc      0%         N/A       100%        5
 Summon Mana Viper        Hex/Summ       0%         N/A       100%        5
 Summon Cactus Giant      Summ           0%         N/A       100%        6


Dungeon Overview and Level Annotations

Branches:
Dungeon (4/15)
 Temple: D:4-7

Altars:
Kikubaaqudgha
Nemelex Xobeh


Innate Abilities, Weirdness & Mutations

You have a pair of horns on your head.
You reflexively headbutt those who attack you in melee.


Message History

An ogre comes into view. It is wielding a +0 giant club.
The ogre shouts!
An adder comes into view.
Throw: 4 darts (poison)
Press: ? - help, Q - select action Shift-Dir - straight line, f - ogre
Aim: an ogre, wielding a +0 giant club (78% to hit)
You throw a poisoned dart. The poisoned dart hits the ogre.
The ogre is poisoned.
Throw: 3 darts (poison)
Press: ? - help, Q - select action Shift-Dir - straight line, f/p - ogre
Aim: an ogre, wielding a +0 giant club (lightly wounded, poisoned, 78% to hit)
You throw a poisoned dart. The poisoned dart hits the ogre.
The ogre looks even sicker.
The ogre is lightly wounded.
Throw: 2 darts (poison)
Press: ? - help, Q - select action Shift-Dir - straight line, f/p - ogre
Aim: an ogre, wielding a +0 giant club (lightly wounded, very poisoned, haloed, 94% to hit)
You throw a poisoned dart.
The poisoned dart barely misses the ogre.
The adder hisses angrily.
The ogre completely misses you.
You hit the ogre. You headbutt the ogre.
The ogre is heavily wounded.
The ogre hits you with a +0 giant club!!
You barely miss the ogre.
The ogre is severely wounded.
You hit the ogre but do no damage.
The ogre is severely wounded.
The ogre hits you with a +0 giant club!!
* * * LOW HITPOINT WARNING * * *
The adder closely misses you. You furiously retaliate!
You headbutt the adder! You completely miss the ogre.
The ogre is severely wounded.
The ogre looks more healthy.
The adder bites you.
* * * LOW HITPOINT WARNING * * *
You are poisoned.
The adder poisons you!
The ogre hits you with a +0 giant club!!
Ouch! That really hurt!
You die...

#........####.# #...
#.............#.....#
#.............+.....+
#...(........##.....# .
#...................# S.
#++.......)...........# ...
......†...#...........# ....
........†.#......S....# .....
....###'#.......@O....###......
... #.############...(([....#
## #.# #........... #<#
#......(.... ### #...........
#......<.... ####........
#........ #........


You could see an ogre and an adder.

Vanquished Creatures
  A sky beast (D:4)
  A sleepcap (D:4)
  2 adders (D:2)
  A worm (D:3)
  4 dart slugs
  3 orcs (D:4)
  7 endoplasms
  A giant cockroach (D:4)
  7 hobgoblins
  3 jackals (D:3)
  3 quokkas
  2 ball pythons (D:1)
  5 bats
  5 frilled lizards
  2 goblins (D:3)
  3 kobolds
  2 rats
  A rat zombie (D:3)
53 creatures vanquished.

Notes
Turn   | Place    | Note
-------+----------+-------------------------------------------
     0 | D:1      | rocky1 the Minotaur Monk began the quest for the Orb.
     0 | D:1      | Reached XP level 1. HP: 19/19 MP: 0/0
   112 | D:1      | Found a faded altar of an unknown god.
   379 | D:1      | Reached XP level 2. HP: 27/27 MP: 1/1
   476 | D:1      | Reached skill level 4 in Maces & Flails
   823 | D:2      | Reached XP level 3. HP: 33/33 MP: 2/2
  1831 | D:3      | Found a faded altar of an unknown god.
  1837 | D:3      | Found a sparkling altar of Nemelex Xobeh.
  2189 | D:3      | Reached XP level 4. HP: 41/41 MP: 3/3
  2315 | D:3      | Found an ancient bone altar of Kikubaaqudgha.
  2541 | D:4      | Reached skill level 5 in Maces & Flails
  2577 | D:4      | Noticed a sky beast
  2584 | D:4      | Killed a sky beast
  2585 | D:4      | Reached skill level 6 in Maces & Flails
  2585 | D:4      | Reached XP level 5. HP: 41/47 MP: 4/4
  2608 | D:4      | Noticed an ogre
  2625 | D:4      | Demolished by an ogre

Illustrated notes

Levels and vault maps discovered:
D:1:      dpeg_arrival_oval, layout_loops_ring,
          shapermc_ecumenical_altar_notcrosses
D:2:      layout_basic, grunt_ministairs_3
D:3:      layout_basic, lemuel_zombie_altar_kikubaaqudgha,
          nicolae_overflow_ecumenical_swirl
D:4:      layout_basic, trog_book, uniq_crazy_yiuf_cottage

Skill      XL: |  1  2  3  4 |
---------------+-------------+-----
Fighting       | 4 |  4.6
Maces & Flails | 4 6 |  6.3
Dodging        | 4 |  4.0
Armour         | |  0.8

Action                     |  1- 3 |  4- 6 || total
---------------------------+-------+-------++-------
  Melee: Mace              |    63 |    28 ||    91
         Headbutt          |    11 |     6 ||    17
  Throw: Dart              |       |     3 ||     3
 Armour: Robe              |     4 |       ||     4
         Ring mail         |     1 |     5 ||     6
  Dodge: Dodged            |    35 |    15 ||    50

Table legend: (Time is in decaauts)
 A = Elapsed time spent in this place.
 B = Non-inter-level travel time spent in this place.
 C = Inter-level travel time spent in this place.
 D = Time resting spent in this place.
 E = Time spent auto-exploring this place.
 F = Levels seen in this place.
 G = Mean time per level.
                   A        B        C        D        E       F      G
               +--------+--------+--------+--------+--------+-----+--------+
         Total |   2640 |   2504 |    136 |     15 |   2160 |   4 |  660.0 |
       Dungeon |   2640 |   2504 |    136 |     15 |   2160 |   4 |  660.0 |
               +--------+--------+--------+--------+--------+-----+--------+

Top non-repeatable levels by time:
     D:3: 1145 daAuts
     D:1: 705 daAuts
     D:2: 690 daAuts
     D:4: 99 daAuts
